AA
SIOUX CITY EXPLORERS @ CLEBURNE RAILROADERS
07/21/2072
 
TOP OF THE 1ST
Lincoln Saltdogs batting - Pitching for Kansas City T-Bones : LHP Bennett Parry
Pitching: LHP Bennett Parry
Batting: RHB Noah Dotson 0-0: Swinging Strike
0-1: Swinging Strike
0-2: Ball
1-2: Strikes out swinging
Batting: LHB Adrian Moreno 0-0: Ball
1-0: Ball
2-0: SINGLE (Groundball, 34D, EV 95.0 MPH)
Batting: RHB Mike Cunningham 0-0: Ball
1-0: Grounds into double play, 5-4-3 (Groundball, 5, EV 92.5 MPH)
Top of the 1st over - 0 runs, 1 hit, 0 errors, 0 left on base; Lincoln 0 - Kansas City 0
BOTTOM OF THE 1ST
Kansas City T-Bones batting - Pitching for Lincoln Saltdogs : RHP Justin Watland
Pitching: RHP Justin Watland
Batting: RHB Martin Rivera 0-0: Called Strike
0-1: Foul Ball, location: 2F
0-2: Ball
1-2: Fly out, F7 (Flyball, 7, EV 90.0 MPH)
Batting: LHB Ramon Velasco 0-0: Called Strike
0-1: Ball
1-1: Swinging Strike
1-2: Ball
2-2: Strikes out swinging
Batting: LHB Tony Marrero 0-0: Ball
1-0: Swinging Strike
1-1: Ball
2-1: Foul Ball, location: 2F
2-2: Ball
3-2: Foul Ball, location: 2F
3-2: Fly out, F7 (Flyball, 7S, EV 78.1 MPH)
Bottom of the 1st over - 0 runs, 0 hits, 0 errors, 0 left on base; Lincoln 0 - Kansas City 0
TOP OF THE 2ND
Lincoln Saltdogs batting - Pitching for Kansas City T-Bones : LHP Bennett Parry
Batting: SHB Tony Cantu 0-0: Ball
1-0: Ground out 5-3 (Groundball, 5L, EV 88.1 MPH)
Batting: LHB Nazir Wilson 0-0: Called Strike
0-1: Ground out U3 (Groundball, 34, EV 98.8 MPH)
Batting: RHB Manny Bentancourt 0-0: Called Strike
0-1: Foul Ball, location: 2F
0-2: Ball
1-2: Fly out, F7 (Line Drive, 7, EV 95.6 MPH)
Top of the 2nd over - 0 runs, 0 hits, 0 errors, 0 left on base; Lincoln 0 - Kansas City 0
BOTTOM OF THE 2ND
Kansas City T-Bones batting - Pitching for Lincoln Saltdogs : RHP Justin Watland
Batting: RHB Adam Miller 0-0: Ball
1-0: Foul Ball, location: 2F
1-1: SINGLE (Groundball, 6MD, EV 100.0 MPH)
Batting: RHB Ross Hunt 0-0: Ball
1-0: Ball
2-0: Foul Ball, location: 2F
2-1: Ball
3-1: 2-RUN HOME RUN (Flyball, 7D, EV 99.4 MPH), Distance : 369 ft
Batting: RHB Jesus Felix 0-0: Ball
1-0: Ball
2-0: Foul Ball, location: 2F
2-1: Ball
3-1: SINGLE (Groundball, 4D, EV 95.6 MPH)
Batting: RHB Josh Marion 0-0: Ball
1-0: Ball
2-0: Ball
3-0: Called Strike
3-1: Fielders Choice at 2nd, 3-6 (Groundball, 34S, EV 83.8 MPH)
Batting: RHB Matt Peyton 0-0: Ball
1-0: Ball
2-0: Called Strike
2-1: Foul Ball, location: 2F
2-2: Fly out, F8 (Flyball, 89S, EV 76.9 MPH)
Batting: LHB Scott Beckham 0-0: Hit by Pitch
Josh Marion to second
Batting: RHB Martin Rivera 0-0: 3-RUN HOME RUN (Flyball, 7LD, EV 104.4 MPH), Distance : 357 ft
Batting: LHB Ramon Velasco 0-0: Called Strike
0-1: Foul Ball, location: 2F
0-2: Ball
1-2: DOUBLE (Flyball, 8LXD, EV 92.5 MPH)
Batting: LHB Tony Marrero 0-0: Ball
1-0: Foul Ball, location: 2F
1-1: Foul Ball, location: 2F
1-2: Fly out, F8 (Line Drive, 8RD, EV 91.2 MPH)
Bottom of the 2nd over - 5 runs, 5 hits, 0 errors, 1 left on base; Lincoln 0 - Kansas City 5
TOP OF THE 3RD
Lincoln Saltdogs batting - Pitching for Kansas City T-Bones : LHP Bennett Parry
Batting: LHB Tyler Hedderman 0-0: Called Strike
0-1: Foul Ball, location: 2F
0-2: Fly out, F7 (Flyball, 7, EV 83.1 MPH)
Batting: RHB Martin Sarazin 0-0: Ball
1-0: Ball
2-0: Ball
3-0: Base on Balls
Batting: LHB Ricardo Salas 0-0: Called Strike
0-1: Fly out, F7 (Flyball, 7S, EV 86.9 MPH)
Batting: RHB Noah Dotson 0-0: Foul Ball, location: 2F
0-1: Fly out, F5 (Popup, 56S, EV 83.8 MPH)
Top of the 3rd over - 0 runs, 0 hits, 0 errors, 1 left on base; Lincoln 0 - Kansas City 5
BOTTOM OF THE 3RD
Kansas City T-Bones batting - Pitching for Lincoln Saltdogs : RHP Justin Watland
Batting: RHB Adam Miller 0-0: Ball
1-0: Swinging Strike
1-1: Ball
2-1: Swinging Strike
2-2: Ball
3-2: Strikes out swinging
Batting: RHB Ross Hunt 0-0: Ball
1-0: Ball
2-0: Foul Ball, location: 2F
2-1: Foul Ball, location: 2F
2-2: Ball
3-2: Foul Ball, location: 2F
3-2: Foul Ball, location: 2F
3-2: Foul Ball, location: 2F
3-2: Foul Ball, location: 2F
3-2: Foul Ball, location: 2F
3-2: Base on Balls
Batting: RHB Jesus Felix 0-0: Ball
1-0: Ball
2-0: Foul Ball, location: 2F
2-1: Swinging Strike
2-2: Strikes out swinging
Batting: RHB Josh Marion 0-0: Foul Ball, location: 2F
0-1: Swinging Strike
0-2: Ball
1-2: Strikes out swinging
Bottom of the 3rd over - 0 runs, 0 hits, 0 errors, 1 left on base; Lincoln 0 - Kansas City 5
TOP OF THE 4TH
Lincoln Saltdogs batting - Pitching for Kansas City T-Bones : LHP Bennett Parry
Batting: LHB Adrian Moreno 0-0: Called Strike
0-1: Called Strike
0-2: Strikes out swinging
Batting: RHB Mike Cunningham 0-0: Ground out 6-3 (Groundball, 6, EV 98.8 MPH)
Batting: SHB Tony Cantu 0-0: SINGLE (Groundball, 6D, EV 95.0 MPH)
Batting: LHB Nazir Wilson 0-0: Ball
1-0: DOUBLE (Flyball, 78XD, EV 111.9 MPH)
Tony Cantu to third
Batting: RHB Manny Bentancourt 0-0: Ball
1-0: Foul Ball, location: 2F
1-1: Ball
2-1: Reached on error, E5 (Groundball, 56, EV 91.9 MPH)
Tony Cantu scores
Nazir Wilson to third
Batting: LHB Tyler Hedderman 0-0: Ball
1-0: Foul Ball, location: 2F
1-1: Called Strike
1-2: Ball
2-2: Ball
3-2: Ground out 2-3 (Groundball, 2R, EV 73.1 MPH)
Top of the 4th over - 1 run, 2 hits, 1 error, 2 left on base; Lincoln 1 - Kansas City 5
BOTTOM OF THE 4TH
Kansas City T-Bones batting - Pitching for Lincoln Saltdogs : RHP Justin Watland
Batting: RHB Matt Peyton 0-0: Swinging Strike
0-1: Foul Ball, location: 2F
0-2: Strikes out swinging
Batting: LHB Scott Beckham 0-0: Foul Ball, location: 2F
0-1: Foul Ball, location: 2F
0-2: Foul Ball, location: 2F
0-2: Ball
1-2: Fly out, F8 (Flyball, 8RXD, EV 109.4 MPH)
Batting: RHB Martin Rivera 0-0: Called Strike
0-1: Ball
1-1: Foul Ball, location: 2F
1-2: Ground out 6-3 (Groundball, 6, EV 108.1 MPH)
Bottom of the 4th over - 0 runs, 0 hits, 0 errors, 0 left on base; Lincoln 1 - Kansas City 5
TOP OF THE 5TH
Lincoln Saltdogs batting - Pitching for Kansas City T-Bones : LHP Bennett Parry
Batting: RHB Martin Sarazin 0-0: Ground out 5-3 (Groundball, 5, EV 103.8 MPH)
Batting: LHB Ricardo Salas 0-0: Foul Ball, location: 2F
0-1: Fly out, F8 (Flyball, 78XD, EV 98.8 MPH)
Batting: RHB Noah Dotson 0-0: Fly out, F7 (Line Drive, 7D, EV 92.5 MPH)
Top of the 5th over - 0 runs, 0 hits, 0 errors, 0 left on base; Lincoln 1 - Kansas City 5
BOTTOM OF THE 5TH
Kansas City T-Bones batting - Pitching for Lincoln Saltdogs : RHP Justin Watland
Batting: LHB Ramon Velasco 0-0: Ball
1-0: Ball
2-0: Called Strike
2-1: Foul Ball, location: 2F
2-2: Ball
3-2: Foul Ball, location: 2F
3-2: Foul Ball, location: 2F
3-2: Base on Balls
Batting: LHB Tony Marrero 0-0: Ball
1-0: Ball
2-0: Ball
Ramon Velasco steals 2nd base
3-0: Called Strike
3-1: Foul Ball, location: 2F
3-2: Foul Ball, location: 2F
3-2: Strikes out swinging
Batting: RHB Adam Miller 0-0: Called Strike
0-1: Called Strike
0-2: SINGLE (Groundball, 6D, EV 104.4 MPH)
Ramon Velasco to third
Runner from 3rd tries for Home, SAFE, throw by LF to home
Adam Miller to second
Pitching: LHP Alex Garcia
Batting: RHB Ross Hunt 0-0: Called Strike
0-1: Called Strike
0-2: Foul Ball, location: 2F
0-2: Reached on error, E5 (Groundball, 56S, EV 86.9 MPH)
Adam Miller to third
Batting: RHB Jesus Felix 0-0: Foul Ball, location: 2F
0-1: Foul Ball, location: 2F
0-2: Ball
1-2: Foul Ball, location: 2F
1-2: Fly out, F8 (Flyball, 8LS, EV 88.1 MPH)
Batting: RHB Josh Marion 0-0: Fielders Choice at 2nd, 6-4 (Groundball, 56, EV 103.1 MPH)
Bottom of the 5th over - 1 run, 1 hit, 1 error, 2 left on base; Lincoln 1 - Kansas City 6
TOP OF THE 6TH
Lincoln Saltdogs batting - Pitching for Kansas City T-Bones : LHP Bennett Parry
Batting: LHB Adrian Moreno 0-0: Called Strike
0-1: Foul Ball, location: 2F
0-2: Ball
1-2: Ball
2-2: Ball
3-2: Strikes out swinging
Batting: RHB Mike Cunningham 0-0: Called Strike
0-1: Ball
1-1: Ball
2-1: Ball
3-1: Called Strike
3-2: SOLO HOME RUN (Flyball, 7D, EV 106.2 MPH), Distance : 380 ft
Batting: SHB Tony Cantu 0-0: Called Strike
0-1: Called Strike
0-2: Ball
1-2: SOLO HOME RUN (Line Drive, 7D, EV 96.2 MPH), Distance : 390 ft
Batting: LHB Nazir Wilson 0-0: Foul Ball, location: 2F
0-1: Foul Ball, location: 2F
0-2: Strikes out looking
Batting: RHB Manny Bentancourt 0-0: Ball
1-0: Ground out 6-3 (Groundball, 6, EV 88.1 MPH)
Top of the 6th over - 2 runs, 2 hits, 0 errors, 0 left on base; Lincoln 3 - Kansas City 6
BOTTOM OF THE 6TH
Kansas City T-Bones batting - Pitching for Lincoln Saltdogs : LHP Alex Garcia
Batting: RHB Matt Peyton 0-0: SINGLE (Flyball, 89S, EV 91.9 MPH)
Batting: LHB Scott Beckham 0-0: Ball
1-0: Foul Ball, location: 2F
1-1: Sac Bunt to 2R - play at second, runner safe!
Batting: RHB Martin Rivera 0-0: Ball
1-0: Swinging Strike
1-1: Foul Ball, location: 2F
1-2: Foul Ball, location: 2F
1-2: Hit by Pitch
Matt Peyton to third
Scott Beckham to second
Batting: LHB Ramon Velasco 0-0: Ball
1-0: Ball
2-0: Foul Ball, location: 2F
2-1: Ball
3-1: Base on Balls
Matt Peyton scores
Scott Beckham to third
Martin Rivera to second
Batting: LHB Tony Marrero 0-0: Ball
1-0: Called Strike
1-1: Ball
2-1: Foul Ball, location: 2F
2-2: Foul Ball, location: 2F
2-2: SINGLE (Line Drive, 8LS, EV 96.2 MPH)
Scott Beckham scores
Martin Rivera to third
Ramon Velasco to second
Batting: RHB Adam Miller 0-0: Ball
1-0: Foul Ball, location: 2F
1-1: Ball
2-1: Foul Ball, location: 2F
2-2: Ball
3-2: GRAND SLAM HOME RUN (Flyball, 7D, EV 100.6 MPH), Distance : 389 ft
Pitching: RHP Jake Joyce
Batting: RHB Ross Hunt 0-0: Swinging Strike
0-1: Foul Ball, location: 2F
0-2: Foul Ball, location: 2F
0-2: Ball
1-2: Foul Ball, location: 2F
1-2: Ball
2-2: Ball
3-2: SINGLE (Flyball, 9LS, EV 95.0 MPH)
Batting: RHB Jesus Felix 0-0: Fly out, F9 (Flyball, 9LS, EV 92.5 MPH)
Batting: RHB Josh Marion 0-0: Ball
1-0: Called Strike
1-1: Fly out, F3 (Flyball, 3D, EV 93.8 MPH)
Batting: RHB Matt Peyton 0-0: Foul Ball, location: 2F
0-1: Ball
1-1: Fly out, F9 (Flyball, 89D, EV 100.0 MPH)
Bottom of the 6th over - 6 runs, 4 hits, 0 errors, 1 left on base; Lincoln 3 - Kansas City 12
TOP OF THE 7TH
Lincoln Saltdogs batting - Pitching for Kansas City T-Bones : LHP Bennett Parry
Batting: LHB Tyler Hedderman 0-0: Called Strike
0-1: Ball
1-1: Ball
2-1: Foul Ball, location: 2F
2-2: Fly out, F8 (Line Drive, 8LM, EV 96.2 MPH)
Batting: RHB Martin Sarazin 0-0: Ball
1-0: Called Strike
1-1: Ball
2-1: Swinging Strike
2-2: Strikes out swinging
Batting: LHB Ricardo Salas 0-0: Ball
1-0: Ball
2-0: SOLO HOME RUN (Flyball, 7LD, EV 107.5 MPH), Distance : 358 ft
Batting: RHB Noah Dotson 0-0: Called Strike
0-1: Ball
1-1: Called Strike
1-2: Ball
2-2: Strikes out swinging
Top of the 7th over - 1 run, 1 hit, 0 errors, 0 left on base; Lincoln 4 - Kansas City 12
BOTTOM OF THE 7TH
Kansas City T-Bones batting - Pitching for Lincoln Saltdogs : RHP Jake Joyce
Pinch Hitting: LHB J.J. Hallberg 0-0: Ball
1-0: Called Strike
1-1: Foul Ball, location: 2F
1-2: Fly out, F7 (Flyball, 78D, EV 100.0 MPH)
Batting: RHB Martin Rivera 0-0: Ball
1-0: SINGLE (Groundball, 6D, EV 106.9 MPH)
Batting: LHB Ramon Velasco 0-0: Ball
1-0: Ball
2-0: Foul Ball, location: 2F
2-1: SINGLE (Line Drive, 7LS, EV 86.2 MPH)
Martin Rivera to second
Batting: LHB Tony Marrero 0-0: Foul Ball, location: 2F
0-1: Ball
1-1: Swinging Strike
1-2: Ball
2-2: Foul Ball, location: 2F
2-2: Ball
3-2: Strikes out swinging
Batting: RHB Adam Miller 0-0: Fly out, F9 (Line Drive, 9, EV 90.6 MPH)
Bottom of the 7th over - 0 runs, 2 hits, 0 errors, 2 left on base; Lincoln 4 - Kansas City 12
TOP OF THE 8TH
Lincoln Saltdogs batting - Pitching for Kansas City T-Bones : LHP Bennett Parry
Now at SS: J.J. Hallberg
Batting: LHB Adrian Moreno 0-0: Ground out 3-1 (Groundball, 34S, EV 84.4 MPH)
Batting: RHB Mike Cunningham 0-0: Called Strike
0-1: Ball
1-1: Ball
2-1: Ball
3-1: Called Strike
3-2: DOUBLE (Line Drive, 78XD, EV 108.8 MPH)
Batting: SHB Tony Cantu 0-0: Ball
1-0: Ball
2-0: Fly out, F9 (Flyball, 9, EV 95.0 MPH)
Batting: LHB Nazir Wilson 0-0: Fly out, F5 (Popup, 56S, EV 73.8 MPH)
Top of the 8th over - 0 runs, 1 hit, 0 errors, 1 left on base; Lincoln 4 - Kansas City 12
BOTTOM OF THE 8TH
Kansas City T-Bones batting - Pitching for Lincoln Saltdogs : RHP Jake Joyce
Batting: RHB Ross Hunt 0-0: Fly out, F7 (Flyball, 78XD, EV 106.9 MPH)
Batting: RHB Jesus Felix 0-0: Fly out, F8 (Flyball, 8LM, EV 87.5 MPH)
Batting: RHB Josh Marion 0-0: Ball
1-0: DOUBLE (Line Drive, 78XD, EV 110.0 MPH)
Batting: RHB Matt Peyton 0-0: Ball
1-0: Fly out, F8 (Flyball, 89M, EV 87.5 MPH)
Bottom of the 8th over - 0 runs, 1 hit, 0 errors, 1 left on base; Lincoln 4 - Kansas City 12
TOP OF THE 9TH
Lincoln Saltdogs batting - Pitching for Kansas City T-Bones : LHP Bennett Parry
Batting: RHB Manny Bentancourt 0-0: Ball
1-0: Called Strike
1-1: Foul Ball, location: 2F
1-2: Ball
2-2: Strikes out swinging
Batting: LHB Tyler Hedderman 0-0: Called Strike
0-1: Ground out 4-3 (Groundball, 4, EV 86.9 MPH)
Batting: RHB Martin Sarazin 0-0: Ball
1-0: Called Strike
1-1: Ball
2-1: Ball
3-1: Foul Ball, location: 2F
3-2: SINGLE (Groundball, 6MD, EV 110.6 MPH)
Pitching: RHP Edward Cruz
Batting: LHB Ricardo Salas 0-0: Foul Ball, location: 2F
0-1: Hit by Pitch
Martin Sarazin to second
Batting: RHB Noah Dotson 0-0: Ball
1-0: Fly out, F5 (Line Drive, 5, EV 68.8 MPH)
Top of the 9th over - 0 runs, 1 hit, 0 errors, 2 left on base; Lincoln 4 - Kansas City 12
Thursday, October 28th , 2021 - OOTP Baseball 22.10 Build 79